 Dungeon Crawl Stone Soup version 0.29-a0-541-gaf1fc19f1b (webtiles) character file.

Game seed: 3863941425882647008

23 Morbidden the Skirmisher (level 2, 0/24 HPs)
             Began as a Demonspawn Fighter on June 2, 2022.
             Slain by Terence
             ... wielding a +3 falchion of flaming
              (1 damage)
             ... on level 2 of the Dungeon.
             The game lasted 00:00:45 (834 turns).

Morbidden the Skirmisher (Demonspawn Fighter)        Turns: 834, Time: 00:00:45

Health: 0/24       AC:  6    Str: 16    XL:     2   Next: 75%
Magic:  3/3        EV:  8    Int:  9    God:
Gold:   64         SH:  4    Dex: 12    Spells: 2/2 levels left

rFire   . . .      SeeInvis .   b - +1 dagger (elec)
rCold   . . .      Faith    .   c - +0 buckler
rNeg    . . .      Spirit   .   e - +0 scale mail
rPois   .          Reflect  .   (no helmet)
rElec   .          Harm     .   (no cloak)
rCorr   .          Rampage  .   (no gloves)
Will    .....                   (no boots)
Stlth   ..........              (no amulet)
HPRegen 0.08/turn               (no ring)
MPRegen 0.08/turn               (no ring)

@: mighty
A: powered by pain 1
a: no special abilities


You were on level 2 of the Dungeon.
You visited 1 branch of the dungeon, and saw 2 of its levels.

You collected 64 gold pieces.

Inventory:

Hand Weapons
 a - a +0 war axe
 b - a +1 dagger of electrocution (weapon)
Missiles
 i - a throwing net (quivered)
Armour
 c - a +0 buckler (worn)
 e - a +0 scale mail (worn)
Scrolls
 f - 2 scrolls of amnesia {unknown}
 g - a scroll of teleportation {unknown}
 j - a scroll of identify {unknown}
 k - a scroll of noise {unknown}
Potions
 d - a potion of might
 h - 2 potions of resistance {unknown}


   Skills:
 * Level 3.2 Fighting
 * Level 2.0 Axes
 + Level 3.0 Armour
 * Level 0.2 Dodging
 + Level 2.7 Shields
 * Level 0.7 Spellcasting


You had 2 spell levels left.
You didn't know any spells.
Your spell library was empty.

Dungeon Overview and Level Annotations

Branches:
Dungeon (2/15)

Altars:

Annotations:
D:2 Terence


Innate Abilities, Weirdness & Mutations

You sometimes gain a little power by taking damage.


Message History

Found a ring mail.
There is a stone staircase leading up here.
A kobold is nearby!
Found 17 gold pieces.
A kobold is nearby!
You hit the kobold. Lightning courses through the kobold!!
You kill the kobold!
Things that are here:
a +0 whip; a +0 ring mail No target in view!
Found a stone staircase leading down.
No target in view!
Terence the Incautious comes into view.
He is wielding a +3 falchion of flaming.
Found 20 stones and a dark potion.
Terence shouts, "Now you die!"
You see here 17 gold pieces.
Terence is nearby!
Terence hits you with a +3 falchion of flaming.
Terence burns you.
Terence is nearby!
You hit Terence.
Terence is lightly wounded.
Terence hits you with a +3 falchion of flaming.
Terence burns you.
You hit Terence. Lightning courses through Terence!
Terence is severely wounded.
Terence hits you but does no damage.
Terence is nearby!
You hit Terence but do no damage.
Terence is severely wounded.
Terence barely misses you.
You hit Terence but do no damage.
Terence is severely wounded.
Terence hits you with a +3 falchion of flaming!
Ouch! That really hurt!
* * * LOW HITPOINT WARNING * * *
You focus on the pain.
You feel very mighty all of a sudden. Terence burns you.
You die...

#.# ##..#
.!. ##.)#
.. #..## #(
####.##
#.####...<#
#>.#...####
#...###
#.$## #.@#
#.@# .....
#.###.. #.
... # ....
.....
......


You could see Terence.

Vanquished Creatures
  A dart slug (D:1)
  A ball python (D:1)
  2 bats (D:1)
  A giant cockroach (D:1)
  2 hobgoblins (D:1)
  2 jackals (D:1)
  A quokka (D:1)
  A frilled lizard (D:1)
  3 goblins (D:1)
  3 kobolds
  2 rats (D:1)
19 creatures vanquished.

Notes
Turn   | Place    | Note
-------+----------+-------------------------------------------
     0 | D:1      | Morbidden the Demonspawn Fighter began the quest for the
                  | Orb.
     0 | D:1      | Reached XP level 1. HP: 18/18 MP: 1/1
   170 | D:1      | Gained mutation: You sometimes gain a little power by
                  | taking damage. [demonic ancestry]
   170 | D:1      | Reached XP level 2. HP: 20/24 MP: 2/2
   828 | D:2      | Noticed Terence
   834 | D:2      | HP: 1/24 [Terence/+3 falchion of flaming (12)]
   834 | D:2      | Slain by Terence

Illustrated notes

Levels and vault maps discovered:
D:1:      roderic_crossed_star, layout_loops_ring, palyth_stone_intersect,
          hex_medium, minmay_statues_item
D:2:      layout_rooms, basic_altar, nicolae_figureground_sparkle, uniq_terence,
          uniq_jessica, uniq_robin

Skill      XL: |  1  2 |
---------------+-------+-----
Axes           | 2 |  2.0
Armour         | 3 |  3.0
Fighting       | |  3.2
Dodging        | |  0.2
Shields        | |  2.7
Spellcasting   | |  0.7

Action                   || total
-------------------------++-------
Melee: Dagger            ||    49
       War axe           ||     6
Armor: Scale mail        ||    29
Dodge: Dodged            ||    23
Block: Buckler           ||     5

Table legend: (Time is in decaauts)
 A = Elapsed time spent in this place.
 B = Non-inter-level travel time spent in this place.
 C = Inter-level travel time spent in this place.
 D = Time resting spent in this place.
 E = Time spent auto-exploring this place.
 F = Levels seen in this place.
 G = Mean time per level.
                   A        B        C        D        E       F      G
               +--------+--------+--------+--------+--------+-----+--------+
         Total |    838 |    825 |     13 |      0 |    689 |   2 |  419.0 |
       Dungeon |    838 |    825 |     13 |      0 |    689 |   2 |  419.0 |
               +--------+--------+--------+--------+--------+-----+--------+

Top non-repeatable levels by time:
     D:1: 817 daAuts
     D:2: 20 daAuts
